 Dungeon Crawl Stone Soup version 0.29.1-15-g9cfb28693d (webtiles) character file.

Game seed: 12033188201831614548

3803 protoss039 the Digger (level 9, -1/103 HPs)
             Began as a Demonspawn Earth Elementalist on Mar 12, 2023.
             Slain by a vault guard
             ... wielding a +0 broad axe
              (16 damage)
             ... in a bailey.
             The game lasted 00:14:10 (7971 turns).

protoss039 the Digger (DsEE)                        Turns: 7971, Time: 00:14:11

Health: -1/103     AC: 27    Str:  9    XL:     9   Next: 96%
Magic:  2/17       EV:  2    Int: 21    God:
Gold:   212        SH:  0    Dex: 13    Spells: 8/19 levels left

rFire   + . .      SeeInvis +   F - +9 lance "Wyrmbane" {slay drac, rPois rF+ rC+ AC+3}
rCold   + . .      Faith    .   (no shield)
rNeg    . . .      Spirit   .   (body armour currently unavailable)
rPois   +          Reflect  .   (helmet currently unavailable)
rElec   .          Harm     .   (cloak currently unavailable)
rCorr   .          Rampage  .   (gloves currently unavailable)
Will    .....      NoTele   +   (boots currently unavailable)
Stlth   ++........              (no amulet)
HPRegen 0.27/turn               e - ring of see invisible
MPRegen 0.15/turn               (no ring)

@: tree-form
A: stationary, stasis, torment immunity, boosted hp, (claws 2), foul stench 1,
powered by death 3
a: no special abilities


You were in a bailey.
You were a tree.
You visited 1 branch of the dungeon, and saw 7 of its levels.
You also visited: Sewer, Ossuary and Bailey.

You collected 434 gold pieces.
You spent 222 gold pieces at shops.

Inventory:

Hand Weapons
 w - a +1 whip of venom
 F - the +9 lance "Wyrmbane" (weapon) {slay drac, rPois rF+ rC+ AC+3}
   (You took it off Maggie on level 6 of the Dungeon)

   It inflicts extra damage against dragons and draconians.
   AC:        It affects your AC (+3).
   rF:        It protects you from fire.
   rC:        It protects you from cold.
   rPois:     It protects you from poison.
 I - the +6 mace "Qura" {flame, rPois rF- Dex+3 SInv}
   (You found it on level 6 of the Dungeon)

   It burns those it strikes, dealing additional fire damage.
   Dex:       It affects your dexterity (+3).
   rF:        It makes you vulnerable to fire.
   rPois:     It protects you from poison.
   SInv:      It lets you see invisible.
 J - a +2 vorpal hand axe
Armour
 o - a +1 ring mail of poison resistance (melded)
 v - a +1 cloak of stealth (melded)
 x - a +0 helmet (melded)
 G - +0 steam dragon scales
Jewellery
 e - a ring of see invisible (left branch)
Wands
 B - a wand of flame (4)
 D - a wand of roots (8)
 H - a wand of quicksilver (11)
Scrolls
 a - a scroll of poison {unknown}
 d - a scroll of identify
 f - 2 scrolls of magic mapping
 g - a scroll of silence {unknown}
 i - 2 scrolls of amnesia {unknown}
 n - a scroll of brand weapon {unknown}
 p - 6 scrolls of teleportation
 r - a scroll of vulnerability {unknown}
 t - 6 scrolls of butterflies {unknown}
 u - 2 scrolls of immolation {unknown}
 y - 3 scrolls of summoning
Potions
 b - 4 potions of magic
 c - 2 potions of might
 h - 2 potions of lignification
 j - 2 potions of heal wounds {unknown}
 k - 4 potions of brilliance
 l - 2 potions of flight {unknown}
 m - 3 potions of mutation
 q - a potion of berserk rage {unknown}
 s - 2 potions of degeneration {unknown}
 z - a potion of invisibility {unknown}
 A - 2 potions of haste {unknown}
 C - 2 potions of resistance {unknown}
 E - 2 potions of curing {unknown}


   Skills:
 + Level 5.8 Fighting
 * Level 2.7 Polearms
 * Level 5.4 Armour
 - Level 3.0 Dodging
 - Level 3.0 Stealth
 + Level 5.9 Spellcasting
 + Level 3.9 Conjurations
 - Level 1.0 Transmutations
 + Level 2.9 Air Magic
 + Level 6.0 Earth Magic
 * Level 1.8 Poison Magic


You had 8 spell levels left.
You knew the following spells:

 Your Spells              Type           Power      Damage    Failure   Level
a - Sandblast             Erth           62%        2d14      1%          1
b - Passwall              Tmut/Erth      17%        N/A       3%          2
c - Stone Arrow           Conj/Erth      54%        3d10      3%          3
d - Mephitic Cloud        Conj/Pois/Air  18%        N/A       9%          3
e - Static Discharge      Conj/Air       20%        3-6/arc   3%          2

Your spell library contained the following spells:

 Spells                   Type           Power      Damage    Failure   Level
 Blink                    Tloc           12%        N/A       16%         2
 Ignite Poison            Fire/Tmut/Pois 10%        N/A       21%         3
 Petrify                  Tmut/Erth      21%        N/A       22%         4
 Lesser Beckoning         Tloc           6%         N/A       30%         3
 Sticky Flame             Conj/Fire      14%        2d4       41%         4
 Dispel Undead            Necr           6%         3d8       69%         4
 Freezing Cloud           Conj/Ice/Air   7%         6-21      71%         5
 Manifold Assault         Tloc           6%         N/A       95%         5


Dungeon Overview and Level Annotations

Branches:
Dungeon (7/15) Zot: 26773   Sewer (visited)         Ossuary (visited)
 Bailey (1/1) Zot: 5879
 Temple: D:4-7

Altars:
Gozag

Shops:
D:6 ?


Innate Abilities, Weirdness & Mutations

You are a tree.
Your roots penetrate the ground, keeping you stationary.
You cannot be teleported.
You are immune to unholy pain and torment.
Your maximum health is greatly increased.
Your equipment is partially melded.
((You have very sharp fingernails.))
You may rarely emit foul miasma when damaged in melee.
You regenerate a lot of health from kills.


Message History

You don't have enough magic to cast this spell.
Unknown command.
Unknown command.
You puncture the vault guard!
The vault guard is almost dead.
The vault guard wonders, "What am I doing in here?"
The vault guard hits you but does no damage.
Unknown command.
You catch the helpless vault guard completely off-guard!
You hit the vault guard but do no damage.
The vault guard is almost dead.
The vault guard closely misses you.
Unknown command.
Unknown command.
You hit the vault guard but do no damage.
The vault guard is almost dead.
The vault guard seems less confused.
The vault guard hits you with a +0 broad axe!
Unknown command.
You are too injured to fight recklessly!
Unknown command.
Unknown command.
You hit the vault guard.
The vault guard is almost dead.
The vault guard hits you with a +0 broad axe!
* * * LOW HITPOINT WARNING * * *
Unknown command.
Things that are here:
a +0 hand axe; a +0 leather armour; a bullfrog corpse Unknown command.
Really quaff the potion of lignification? [Y]es or [N]o only, please.
Really quaff the potion of lignification?
You turn into a tree.
Your +1 cloak of stealth melds into your body.
Your +0 helmet melds into your body.
Your +1 ring mail of poison resistance melds into your body.
You feel less stealthy.
Your roots penetrate the ground.
The vault guard hits you with a +0 broad axe!
You die...

##≈~~~...~~....##
#≈~~~.~....~≈≈≈.#
#≈~~~...~.~≈###'#
#≈~~~~...~≈## #
#≈~~~.~..~≈#
#≈~~~~.[~≈##
##≈~~~~.~≈#
#≈~≈≈~p~≈#
##≈##≈♣†≈##
####≈..~≈#
+..#≈..~≈# ##+#
##..###'###
##~~~##.).#.....#
#~~~~~#...#.)...#
#~~~~~#...####..#
#~~~~~#.)).#)...#
#†#'#......##


You could see a vault guard.

Vanquished Creatures
  A gargoyle (D:6)
  Maggie (D:6)
  A komodo dragon (D:6)
  2 humans (Bailey)
  A yak (D:6)
  Pargi (Sewer)
  2 water moccasins (D:6)
  An orc warrior (D:6)
  2 ice beasts
  A black bear (D:3)
  A centaur (D:6)
  A phantom (D:6)
  A kobold brigand (Sewer)
  10 bullfrogs
  3 scorpions (D:6)
  A wight (D:6)
  A howler monkey (D:5)
  A centaur zombie (Ossuary)
  2 jellies
  4 orc priests
  2 hounds
  Crazy Yiuf (D:2)
  3 iguanas
  Jessica (D:3)
  3 orc wizards
  5 mummies (Ossuary)
  A gnoll (D:6)
  3 adders
  2 shadow imps (D:6)
  2 white imps
  2 ufetubi (D:6)
  4 worms
  3 dart slugs
  20 orcs
  5 ball pythons
  5 bats
  8 endoplasms
  6 giant cockroaches
  17 goblins
  10 hobgoblins
  4 jackals (D:1)
  7 quokkas
  2 frilled lizards
  4 hobgoblin zombies (Ossuary)
  10 kobolds
  4 rats
172 creatures vanquished.

Vanquished Creatures (others)
  A plant (D:1)
1 creature vanquished.

Grand Total: 173 creatures vanquished

Notes
Turn   | Place    | Note
-------+----------+-------------------------------------------
     0 | D:1      | protoss039 the Demonspawn Earth Elementalist began the
                  | quest for the Orb.
     0 | D:1      | Reached XP level 1. HP: 13/13 MP: 3/3
   553 | D:1      | Gained mutation: You regenerate a little health from kills.
                  | [demonic ancestry]
   553 | D:1      | Reached XP level 2. HP: 19/20 MP: 0/5
   770 | D:1      | Reached skill level 1 in Fighting
   775 | D:1      | Reached skill level 3 in Earth Magic
  1020 | D:1      | Learned a level 2 spell: Passwall
  1335 | D:1      | Gained mutation: You may rarely emit foul miasma when
                  | damaged in melee. [demonic ancestry]
  1335 | D:1      | Reached XP level 3. HP: 26/26 MP: 2/6
  1449 | D:1      | Found a faded altar of an unknown god.
  2818 | D:2      | Found a runed translucent door.
  2819 | D:2      | Noticed Crazy Yiuf
  2828 | D:2      | Killed Crazy Yiuf
  2829 | D:2      | Gained mutation: You have sharp fingernails. [demonic
                  | ancestry]
  2829 | D:2      | Reached XP level 4. HP: 6/33 MP: 2/8
  3465 | D:3      | Noticed a black bear
  3481 | D:3      | Killed a black bear
  3482 | D:3      | Reached XP level 5. HP: 16/39 MP: 7/10
  3494 | D:3      | Found a glowing drain.
  3501 | D:3      | Noticed Jessica
  3513 | D:3      | Killed Jessica
  3514 | D:3      | Reached skill level 4 in Earth Magic
  3539 | Sewer    | Entered a sewer
  3593 | Sewer    | Gained mutation: You have very sharp fingernails. [demonic
                  | ancestry]
  3593 | Sewer    | Reached XP level 6. HP: 37/47 MP: 6/11
  3597 | Sewer    | Learned a level 3 spell: Stone Arrow
  3787 | Sewer    | Noticed Pargi
  3798 | Sewer    | Killed Pargi
  4621 | D:4      | Gained mutation: You regenerate health from kills. [demonic
                  | ancestry]
  4621 | D:4      | Reached XP level 7. HP: 22/53 MP: 10/13
  5538 | D:5      | Entered Level 5 of the Dungeon
  5547 | D:5      | Reached skill level 1 in Armour
  5560 | D:4      | Reached skill level 1 in Conjurations
  5664 | D:5      | Found a sand-covered staircase.
  5668 | Ossuary  | Entered an ossuary
  5799 | Ossuary  | Reached skill level 5 in Earth Magic
  6074 | D:5      | Reached skill level 1 in Transmutations
  6150 | D:5      | Found an opulent altar of Gozag.
  6172 | D:5      | Gained mutation: You regenerate a lot of health from kills.
                  | [demonic ancestry]
  6172 | D:5      | Reached XP level 8. HP: 20/61 MP: 1/15
  6454 | D:5      | Learned a level 2 spell: Static Discharge
  6466 | D:6      | Found Raigepn's Magic Scroll Shoppe.
  6472 | D:6      | Bought a scroll of identify for 24 gold pieces
  6472 | D:6      | Bought a scroll of teleportation for 36 gold pieces
  6472 | D:6      | Bought a scroll of summoning for 114 gold pieces
  6472 | D:6      | Bought a scroll of teleportation for 36 gold pieces
  6472 | D:6      | Bought a scroll of noise for 12 gold pieces
  6613 | D:6      | Noticed Maggie
  6621 | D:6      | Killed Maggie
  6622 | D:6      | Reached skill level 5 in Spellcasting
  6622 | D:6      | Reached skill level 1 in Air Magic
  6658 | D:6      | Identified the +6 mace "Qura" {flame, rPois rF- Dex+3 SInv}
  6979 | D:6      | Noticed a komodo dragon
  6997 | D:6      | Reached skill level 5 in Fighting
  7117 | D:6      | Reached XP level 9. HP: 66/68 MP: 5/17
  7229 | D:6      | Noticed a gargoyle
  7238 | D:6      | Reached skill level 1 in Polearms
  7240 | D:6      | Killed a gargoyle
  7368 | D:6      | Killed a komodo dragon
  7637 | D:7      | Reached skill level 5 in Armour
  7781 | D:7      | Found a flagged portal.
  7850 | D:7      | Learned a level 3 spell: Mephitic Cloud
  7851 | Bailey   | Entered a bailey
  7904 | Bailey   | Reached skill level 1 in Poison Magic
  7921 | Bailey   | Reached skill level 6 in Earth Magic
  7938 | Bailey   | Noticed a vault guard
  7971 | Bailey   | Slain by a vault guard

Illustrated notes

Levels and vault maps discovered:
D:1:      lightli_arrival_statuegarden, layout_basic,
          ebering_ecumenical_altar_abandoned, nrook_mini_vaults, minmay_vboxes
D:2:      layout_basic, uniq_crazy_yiuf_cottage
D:3:      layout_basic, gup_sewer_entry_glass, uniq_jessica
D:4:      layout_loops_corners, minmay_misc_feat_tiny
D:5:      nicolae_BIG_FREAKIN_CUBE, layout_rooms, lemuel_tele_altar,
          nicolae_ossuary_entry_plus
D:6:      minmay_clustersquares, layout_rooms, serial_shops, shop, uniq_maggie
D:7:      layout_layer_cave, bloody_makhleb, minmay_temple_entry_stoned_glass,
          enter_bailey_3, minmay_misc_feat_alley
Bailey:   bailey_axe_froggy_fort_hellmonk, bailey

Skill      XL: |  1  2  3  4  5  6  7  8  9 |
---------------+----------------------------+-----
Fighting       | 1 2 3 4 5 |  5.8
Earth Magic    | 3 4 5 6 |  6.0
Spellcasting   | 3 4 5 |  5.9
Armour         | 2 4 5 |  5.4
Conjurations   | 1 2 3 |  3.9
Transmutations | 1 |  1.0
Dodging        | 2 3 |  3.0
Stealth        | 2 3 |  3.0
Air Magic      | 1 2 |  2.9
Polearms       | 2 |  2.7
Poison Magic   | 1 |  1.8

Action                   |  1- 3 |  4- 6 |  7- 9 || total
-------------------------+-------+-------+-------++-------
Melee: Unarmed           |     3 |       |       ||     3
       Club              |     1 |       |       ||     1
       Dagger            |    75 |       |       ||    75
       Whip              |       |   118 |   106 ||   224
       Punch             |       |     2 |     7 ||     9
       Lance             |       |       |   119 ||   119
 Cast: Sandblast         |    63 |    10 |    52 ||   125
       Stone Arrow       |       |       |    47 ||    47
       Mephitic Cloud    |       |       |     2 ||     2
Evoke: Wand              |       |       |     5 ||     5
  Use: Scroll            |       |     1 |     4 ||     5
       Potion            |       |       |     1 ||     1
 Stab: Sleeping          |       |     3 |     7 ||    10
       Confused          |       |       |     3 ||     3
Armor: Robe              |     4 |       |       ||     4
       Ring mail         |    60 |    72 |   148 ||   280
Dodge: Dodged            |    89 |    71 |   196 ||   356
